 Dungeon Crawl Stone Soup version 0.27-a0-994-g5030419646 (webtiles) character file.

Game seed: 17461922770328041094

119 Ijustatesigmund the Skirmisher (level 4, -5/37 HPs)
             Began as a Demonspawn Fighter on Apr 16, 2021.
             Slain by an orc
             ... wielding a +0 flail
              (6 damage)
             ... on level 3 of the Dungeon.
             The game lasted 00:03:30 (2226 turns).

Ijustatesigmund the Skirmisher (Demonspawn Fighter) Turns: 2226, Time: 00:03:31

Health: -5/37      AC:  8    Str: 13 (16) XL:     4   Next: 73%
Magic:  4/4        EV:  7    Int:  7 (9)  God:
Gold:   156        SH:  8    Dex: 12 (14) Spells: 3/3 levels left

rFire    . . .     SeeInvis .   a - +0 war axe
rCold    . . .     Faith    .   c - +0 kite shield
rNeg     . . .     Spirit   .   b - +0 scale mail
rPois    .         Reflect  .   (no helmet)
rElec    .         Harm     .   (no cloak)
rCorr    .         Rampage  .   (no gloves)
Will     .....                  (no boots)
Stlth    ..........             (no amulet)
HPRegen  0.12/turn              (no ring)
MPRegen  0.09/turn              (no ring)

@: mighty
A: slimy green scales 1
a: no special abilities


You were on level 3 of the Dungeon.
You visited 1 branch of the dungeon, and saw 3 of its levels.

You collected 156 gold pieces.

Inventory:

Hand Weapons
 a - a +0 war axe (weapon)
Armour
 b - a +0 scale mail (worn)
 c - a +0 kite shield (worn)
Scrolls
 e - 2 scrolls of magic mapping
Potions
 d - a potion of might


   Skills:
 + Level 3.7 Fighting
 * Level 3.4 Axes
 - Level 2.6 Armour
 + Level 1.7 Dodging
 - Level 2.6 Shields


You had 3 spell levels left.
You didn't know any spells.
Your spell library was empty.

Dungeon Overview and Level Annotations

Branches:
Dungeon (3/15)

Altars:


Innate Abilities, Weirdness & Mutations

You are partially covered in slimy green scales. (AC +2)


Message History

You barely miss the jackal.
The jackal is heavily wounded.
You hit the adder. You closely miss the orc. The jackal bites you.
The adder bites you but does no damage. You block the orc's attack.
The jackal bites you. The adder bites you but does no damage.
The orc hits you with a +0 flail. You block the goblin's attack.
You hit the adder but do no damage.
The adder is severely wounded.
You hit the goblin.
You kill the goblin!
You hit the orc. You closely miss the jackal.
The jackal bites you but does no damage.
You block the adder's attack. You block the jackal's attack.
The orc hits you with a +0 flail! The adder barely misses you.
The jackal bites you but does no damage.
You are too injured to fight recklessly!
You are too injured to fight recklessly!
You are too injured to fight recklessly!
You are too injured to fight recklessly!
You are too injured to fight recklessly!
Unknown command.
You completely miss the adder.
The adder is severely wounded.
You closely miss the orc. You hit the jackal.
You kill the jackal!
You block the adder's attack. The orc hits you with a +0 flail!
* * * LOW HITPOINT WARNING * * *
The adder barely misses you. The orc barely misses you.
You feel very mighty all of a sudden. The goblin hits you with a +0 club.
* * * LOW HITPOINT WARNING * * *
You block the adder's attack. The orc hits you with a +0 flail!
* * * LOW HITPOINT WARNING * * *
You hit the adder.
The adder is almost dead.
You slash the goblin!
You kill the goblin!
You closely miss the orc. You block the adder's attack.
The orc hits you with a +0 flail.
You die...

.....##.# #.#
........####.####
......††.........
.............##
###..........+
#............##########
#......................
#............?.)o..#
#.............S@)..#
###..........#####..≈≈.
#..........# ≈≈≈
#........... ≈
...........#
........S.# ######...#
#..


You could see an adder and an orc.

Vanquished Creatures
  A gnoll (D:1)
  4 adders
  3 dart slugs
  An orc (D:3)
  9 ball pythons
  2 bats
  4 endoplasms
  6 giant cockroaches
  5 goblins
  8 hobgoblins
  A jackal (D:3)
  3 quokkas
  5 frilled lizards
  4 kobolds
  6 rats
62 creatures vanquished.

Vanquished Creatures (others)
  A plant (D:2)
1 creature vanquished.

Grand Total: 63 creatures vanquished

Notes
Turn   | Place    | Note
-------+----------+-------------------------------------------
     0 | D:1      | Ijustatesigmund the Demonspawn Fighter began the quest for
                  | the Orb.
     0 | D:1      | Reached XP level 1. HP: 18/18 MP: 1/1
    68 | D:1      | Gained mutation: You are partially covered in slimy green
                  | scales. (AC +2) [demonic ancestry]
    68 | D:1      | Reached XP level 2. HP: 24/24 MP: 2/2
   130 | D:1      | Reached skill level 1 in Dodging
   136 | D:1      | Reached XP level 3. HP: 10/29 MP: 3/3
  1228 | D:2      | Reached XP level 4. HP: 35/35 MP: 4/4
  2225 | D:3      | HP: 1/37 [orc/+0 flail (7)]
  2226 | D:3      | Slain by an orc

Illustrated notes

Levels and vault maps discovered:
D:1:      heliophobic_arrival_henge, layout_rooms, serial_glass,
          glass_columns_b, glass_columns_b, st_stairs_13
D:2:      layout_rooms, corexii_shack, grunt_decor_clamped, st_stairs_11,
          wander_ebering_terrifying_dragon_lair
D:3:      layout_basic, basic_ecumenical_altar, serial_bayou_pond_b

Skill      XL: |  1  2  3 |
---------------+----------+-----
Axes           | 2 3 |  3.4
Dodging        | 1 |  1.7
Fighting       | |  3.7
Armour         | |  2.6
Shields        | |  2.6

Action                   |  1- 3 |  4- 6 || total
-------------------------+-------+-------++-------
Melee: War axe           |    86 |    80 ||   166
  Use: Scroll            |     2 |     4 ||     6
       Potion            |       |     3 ||     3
Armor: Scale mail        |    48 |    55 ||   103
Dodge: Dodged            |    36 |    28 ||    64
Block: Kite shield       |    50 |    59 ||   109

Table legend: (Time is in decaauts)
 A = Elapsed time spent in this place.
 B = Non-inter-level travel time spent in this place.
 C = Inter-level travel time spent in this place.
 D = Time resting spent in this place.
 E = Time spent auto-exploring this place.
 F = Levels seen in this place.
 G = Mean time per level.
                   A        B        C        D        E       F      G
               +--------+--------+--------+--------+--------+-----+--------+
         Total |   2325 |   2298 |     27 |    899 |   1000 |   3 |  775.0 |
       Dungeon |   2325 |   2298 |     27 |    899 |   1000 |   3 |  775.0 |
               +--------+--------+--------+--------+--------+-----+--------+

Top non-repeatable levels by time:
     D:1: 1177 daAuts
     D:2: 962 daAuts
     D:3: 185 daAuts
